 Dungeon Crawl Stone Soup version 0.16-a0-326-g6f2d4d4 (webtiles) character file.

2233 Afay the Ruinous (level 9, -10/61 HPs)
             Began as a Mummy Conjurer on Sept 4, 2014.
             Was a Follower of Sif Muna.
             Killed by divine providence
             ... invoked by an orc priest
              (13 damage)
             ... on Level 8 of the Dungeon.
             The game lasted 00:40:47 (9989 turns).

Afay the Ruinous (Mummy Conjurer)                   Turns: 9989, Time: 00:40:47

HP -10/61        AC  6     Str 11      XL: 9   Next: 14%
MP  11/24        EV 12     Int 17      God: Sif Muna [*.....]
Gold 646         SH  6     Dex 12      Spells:  3 memorised, 14 levels left

rFire  x . .     SeeInvis .     u - +1 long sword (curse)
rCold  + . .     Clarity  +     a - +0 robe
rNeg   + + +     rCorr    .     e - +2 buckler
rPois  +         rRot     +     (no helmet)
rElec  .         Spirit   .     (no cloak)
SustAb +         Warding  .     l - +2 pair of gloves
rMut   .         Stasis   .     i - +0 pair of boots
Gourm  .                        d - amulet of clarity
MR     +....                    (no ring)
                                q - ring of sustain abilities

@: somewhat resistant to hostile enchantments, unstealthy
A: no food or potions, fire vulnerability, restore body, cold resistance 1,
negative energy resistance 3, poison resistance, torment resistance, unbreathing
a: Channel Energy, Renounce Religion


You were on level 8 of the Dungeon.
You worshipped Sif Muna.
Sif Muna was aware of your devotion.
You were not hungry.

You visited 2 branches of the dungeon, and saw 9 of its levels.
You also visited: Sewer.

You collected 770 gold pieces.
You paid 113 gold pieces to Gozag.

Inventory:

Hand weapons
 f - a +1 short sword of venom
 p - a cursed +2 great sword
 u - a cursed +1 long sword (weapon)
 v - a +2 short sword of freezing
Armour
 a - a +0 robe (worn)
 e - a +2 buckler (worn)
 i - a +0 pair of boots (worn)
 l - a +2 pair of gloves (worn)
Magical devices
 g - a wand of magic darts (6)
 k - a wand of teleportation (5)
Scrolls
 b - 3 scrolls of blinking
 j - 2 scrolls of immolation
 m - a scroll of magic mapping {unknown}
 n - a scroll of teleportation {unknown}
 o - a scroll of noise {unknown}
 s - 2 scrolls of enchant armour {unknown}
 t - a scroll of recharging {unknown}
 x - a scroll of fear {unknown}
Jewellery
 d - an amulet of clarity (around neck)
 q - a ring of sustain abilities (left hand)
Books
 c - a book of Conjurations

   Spells                             Type                      Level
   *Magic Dart                        Conjuration                  1
   *Searing Ray                       Conjuration                  2
   Dazzling Spray                     Conjuration/Hexes            3
   Fulminant Prism                    Conjuration/Hexes            4
   Iskenderun's Mystic Blast          Conjuration                  4
   *Iskenderun's Battlesphere         Conjuration/Charms           5
 h - a book of Control

   Spells                             Type                      Level
   Control Teleport                   Charms/Translocation         4
   Control Undead                     Necromancy                   4
   Enslavement                        Hexes                        4
   Metabolic Englaciation             Hexes/Ice                    5
   Mass Confusion                     Hexes                        6
 r - a book of Beasts

   Spells                             Type                      Level
   Summon Butterflies                 Summoning                    1
   Call Canine Familiar               Summoning                    3
   Summon Ice Beast                   Ice/Summoning                4
   Summon Mana Viper                  Hexes/Summoning              5
   Monstrous Menagerie                Summoning                    6
   Summon Hydra                       Summoning                    7
 w - a book of Callings

   Spells                             Type                      Level
   Summon Small Mammal                Summoning                    1
   Call Imp                           Summoning                    2
   Call Canine Familiar               Summoning                    3
   Summon Guardian Golem              Hexes/Summoning              4
   Summon Lightning Spire             Summoning/Air                4
   Summon Ice Beast                   Ice/Summoning                4


   Skills:
 + Level 1.7 Fighting
 - Level 1.0 Short Blades
 + Level 3.0 Dodging
 + Level 3.0 Stealth
 + Level 1.3 Shields
 + Level 7.1 Spellcasting
 * Level 7.2 Conjurations
 + Level 1.1 Evocations


You had 14 spell levels left.
You knew the following spells:

 Your Spells              Type           Power        Failure   Level  Hunger
a - Magic Dart            Conj           ####         1%          1    N/A
b - Searing Ray           Conj           ####..       1%          2    N/A
c - Iskenderun's Battles  Conj/Chrm      ###.....     82%         5    N/A

Dungeon Overview and Level Annotations

Branches:
Dungeon (8/15)             Temple (1/1) D:5
   Lair: D:8-11

Altars:
Ashenzari
Cheibriados
Dithmenos
Elyvilon
Fedhas
Gozag
Kikubaaqudgha
Makhleb
Nemelex Xobeh
Okawaru
Qazlal
Sif Muna
Vehumet
Yredelemnul
Zin
The Shining One

Annotations:
D:4 Afay's ghost, average GrFi
D:6 Grinder; Oper80's ghost, experienced DsTm
D:7 casual's ghost, experienced TrTm


Innate Abilities, Weirdness & Mutations

You do not eat or drink.
Your flesh is vulnerable to fire.
Your flesh is cold resistant.
You are immune to negative energy.
Your system is resistant to poisons.
You are immune to unholy pain and torment.
You can survive without breathing.


Message History

You block Oper80's ghost's attack.
You climb downwards.
The ghost fades into the shadows.
Oper80's ghost disappears!
Level annotation: casual's ghost, experienced TrTm Casual's ghost closely misses you.
There is a stone staircase leading up here.
There is a stone staircase leading down here.
Casual's ghost completely misses you.
You climb downwards.
You hear the roar of battle.
There is an entrance to a bailey on this level.
Hurry and find it before the portal closes forever!
An orc priest comes into view. It is wielding a mace.
Gozag incites the orc priest against you.
The orc priest shouts!
The orc priest flickers and vanishes!
Deactivating autopickup; reactivate with Ctrl-A.
Found a bread ration, 24 stones and 18 gold pieces.
There is a stone staircase leading up here.
Something smites you!
You die...

# . ##.
#..###
#.#..####
#...$....
##........
#.........5
#@.......{
#<........
#..........
#.........
#.%.......
#(........
#........
#.......
#......


You could see a shadow imp (wandering).

Vanquished Creatures
  Edmund (D:5)
  2 ice beasts (D:6)
  5 ogres
  A necrophage (D:5)
  2 centaurs
  Duvessa (D:5)
  2 giant frogs
  A scorpion (D:6)
  5 wights (D:6)
  Dowan (D:5)
  2 crimson imps
  A centaur skeleton (D:5)
  2 orc priests
  A giant frog skeleton (D:3)
  2 hounds (D:6)
  3 orc wizards
  3 worker ants
  Ijyb (D:5)
  A hound skeleton (D:4)
  4 gnolls (D:3)
  14 adders
  2 worms
  An iguana skeleton (D:6)
  An adder skeleton (D:4)
  5 giant geckos
  2 oozes
  19 orcs
  3 ball pythons
  16 bats
  4 giant cockroaches
  11 goblins
  11 hobgoblins
  7 jackals
  12 kobolds
  2 quokkas
  A giant gecko skeleton (D:4)
  A giant gecko zombie (D:6)
  6 giant newts
  A jackal zombie (D:7)
  A kobold skeleton (D:6)
  An orc skeleton (D:5)
  35 rats
197 creatures vanquished.

Notes
Turn   | Place    | Note
--------------------------------------------------------------
     0 | D:1      | Afay, the Mummy Conjurer, began the quest for the Orb.
     0 | D:1      | Reached XP level 1. HP: 13/13 MP: 3/3
   354 | D:1      | Reached XP level 2. HP: 19/19 MP: 0/4
   358 | D:1      | Learned a level 2 spell: Searing Ray
  1165 | D:2      | Reached XP level 3. HP: 20/24 MP: 0/6
  1656 | D:2      | Found an opulent altar of Gozag.
  1664 | D:2      | Became a worshipper of Gozag Ym Sagoz the Greedy
  1767 | D:2      | Reached skill level 4 in Conjurations
  2235 | D:3      | Reached XP level 4. HP: 30/30 MP: 4/8
  2773 | D:3      | Reached XP level 5. HP: 36/36 MP: 4/9
  3309 | D:4      | Noticed an ogre
  3328 | D:4      | Killed an ogre
  3328 | D:4      | Reached skill level 5 in Conjurations
  3328 | D:4      | Reached XP level 6. HP: 32/42 MP: 1/13
  3429 | D:4      | Noticed an ogre
  3448 | D:4      | Killed an ogre
  3736 | D:4      | Noticed Afay's ghost (average GrFi)
  3767 | D:3      | Reached skill level 1 in Short Blades
  4375 | D:3      | Reached XP level 7. HP: 30/47 MP: 10/17
  4691 | D:3      | Found a glowing golden altar of the Shining One.
  5129 | D:4      | Noticed an ogre
  5143 | D:4      | Killed an ogre
  5249 | D:4      | Noticed an ogre
  5264 | D:4      | Reached skill level 1 in Fighting
  5278 | D:4      | Killed an ogre
  5530 | D:4      | Reached skill level 5 in Spellcasting
  5941 | D:5      | Entered Level 5 of the Dungeon
  5942 | D:5      | Found a glowing drain.
  5946 | D:5      | Noticed Edmund
  5961 | D:5      | Killed Edmund
  5961 | D:5      | Reached skill level 6 in Conjurations
  6235 | Sewer    | Entered a sewer
  6692 | D:5      | Reached XP level 8. HP: 54/54 MP: 13/20
  6929 | D:5      | Noticed Duvessa
  6929 | D:5      | Noticed Dowan
  6937 | D:5      | Killed Duvessa
  6949 | D:5      | Killed Dowan
  7082 | D:5      | Found a staircase to the Ecumenical Temple.
  7094 | D:5      | Noticed Ijyb
  7108 | D:5      | Killed Ijyb
  7208 | Temple   | Entered the Ecumenical Temple
  7293 | Temple   | Fell from the grace of Gozag
  7293 | Temple   | Became a worshipper of Sif Muna the Loreminder
  7887 | D:6      | Noticed Oper80's ghost (experienced DsTm)
  8715 | D:6      | Reached skill level 1 in Shields
  8868 | D:6      | Acquired Sif Muna's first power
  9111 | D:6      | Reached skill level 7 in Spellcasting
  9135 | D:6      | Reached XP level 9. HP: 56/61 MP: 3/24
  9175 | D:6      | Found an iron altar of Okawaru.
  9439 | D:6      | Noticed Grinder
  9603 | D:7      | Reached skill level 1 in Evocations
  9744 | D:7      | Noticed casual's ghost (experienced TrTm)
  9833 | D:6      | Learned a level 5 spell: Iskenderun's Battlesphere
  9982 | D:6      | HP: 2/61 [Oper80's ghost (12)]
  9989 | D:8      | Killed from afar by an orc priest

Action                   |  1- 3 |  4- 6 |  7- 9 || total
-------------------------+-------+-------+-------++-------
Melee: Club              |    16 |       |       ||    16
       Unarmed           |     1 |       |       ||     1
       Short sword       |     3 |     7 |     3 ||    13
       Dagger            |     1 |       |       ||     1
 Cast: Magic Dart        |    33 |    23 |   111 ||   167
       Searing Ray       |    19 |    30 |    83 ||   132
Invok: Channel Energy    |       |       |     7 ||     7
  Use: Scroll            |       |       |     9 ||     9
